 Dungeon Crawl Stone Soup version 0.28-a0-1435-g82390b3a13 (webtiles) character file.

Game seed: 6382932530806957368

1663 Lekart the Skirmisher (level 8, -3/71 HPs)
             Began as a Yellow Draconian Fighter on Jan 9, 2022.
             Slain by an orc warrior (15 damage)
             ... on level 6 of the Dungeon.
             The game lasted 00:08:53 (7587 turns).

Lekart the Skirmisher (Yellow Draconian Fighter)    Turns: 7587, Time: 00:08:54

Health: -3/71      AC:  7    Str: 19    XL:     8   Next: 69%
Magic:  11/11      EV: 12    Int:  9    God:
Gold:   195        SH:  4    Dex: 10    Spells: 7/11 levels left

rFire   . . .      SeeInvis .   a - +0 long sword
rCold   . . .      Faith    .   b - +0 buckler
rNeg    . . .      Spirit   .   (armour unavailable)
rPois   .          Reflect  .   (helmet restricted)
rElec   .          Harm     .   (no cloak)
rCorr   +          Rampage  .   l - +0 pair of gloves
Will    .....                   (no boots)
Stlth   +.........              (no amulet)
HPRegen 0.21/turn               (no ring)
MPRegen 0.12/turn               (no ring)

@: short of breath
A: spit acid, AC +6, unfitting armour, cold-blooded, acid resistance, horns 1,
clumsy 1, MP-powered wands
a: Breathe Acid


You were on level 6 of the Dungeon.
You visited 1 branch of the dungeon, and saw 7 of its levels.

You collected 291 gold pieces.
You spent 96 gold pieces at shops.

Inventory:

Hand Weapons
 a - a +0 long sword (weapon)
Armour
 b - a +0 buckler (worn)
 l - a +0 pair of gloves (worn)
Jewellery
 i - a ring of magical power
 j - a ring of see invisible
Wands
 r - a wand of flame (15)
Scrolls
 e - a scroll of fog {unknown}
 f - 2 scrolls of teleportation {unknown}
 g - 2 scrolls of fear {unknown}
 h - 2 scrolls of enchant armour {unknown}
 k - a scroll of immolation
 n - 2 scrolls of identify
 o - a scroll of summoning
Potions
 c - 2 potions of curing {unknown}
 d - 2 potions of attraction
 m - a potion of magic {unknown}
 p - a potion of brilliance {unknown}
 q - a potion of ambrosia {unknown}
 s - a potion of heal wounds


   Skills:
 * Level 6.9 Fighting
 + Level 6.5 Long Blades
 + Level 4.6 Dodging
 + Level 3.9 Shields
 * Level 2.3 Spellcasting
 * Level 2.8 Transmutations
 * Level 2.6 Earth Magic
 + Level 1.0 Evocations


You had 7 spell levels left.
You knew the following spells:

 Your Spells              Type           Power      Damage    Failure   Level
a - Petrify               Tmut/Erth      5%         N/A       80%         4

Your spell library contained the following spells:

 Spells                   Type           Power      Damage    Failure   Level
 Sting                    Tmut/Pois      12%        1d3       22%         1
 Animate Skeleton         Necr           2%         N/A       38%         1
 Apportation              Tloc           2%         N/A       38%         1
 Summon Small Mammal      Summ           4%         N/A       38%         1
 Poisonous Vapours        Pois/Air       2%         N/A       54%         2
 Call Canine Familiar     Summ           1%         N/A       77%         3
 Summon Guardian Golem    Hex/Summ       1%         N/A       77%         3
 Olgreb's Toxic Radiance  Pois           1%         N/A       99%         4
 Metabolic Englaciation   Hex/Ice        0%         N/A       100%        5
 Statue Form              Tmut/Erth      3%         N/A       100%        6


Dungeon Overview and Level Annotations

Branches:
Dungeon (7/15)
 Temple: D:4-7

Altars:
Dithmenos
Okawaru
Sif Muna

Shops:
D:2 ?   D:4 !


Innate Abilities, Weirdness & Mutations

You can spit globs of acid.
Your golden yellow scales are hard. (AC +6)
You cannot fit into any form of body armour.
You are cold-blooded and may be slowed by cold attacks.
You are resistant to acid. (rCorr)
You have a pair of small horns on your head.
You are clumsy. (Dex -2)
You expend magic power (3 MP) to strengthen your wands.


Message History

You block the orc's attack.
The orc warrior hits you with a +0 flail!
You barely miss the orc.
The orc is heavily wounded.
You block the orc's attack.
The orc warrior hits you with a +0 flail!
The orc misses you. The orc hits you but does no damage.
You hit the orc.
The orc is almost dead.
The orc warrior hits you with a +0 flail!
A centaur comes into view. It is carrying a wand of polymorph (8).
The orc closely misses you. The orc misses you.
The centaur shouts!
The orc warrior hits you with a +0 flail.
The orc hits you but does no damage. The orc hits you with a +0 club.
You climb upwards.
There is a stone staircase leading down here.
Press: ? - help, Shift-Dir - straight line, f - orc
Aim: an orc, wielding a +0 club and wearing a +0 scale mail (almost dead)
You spit a glob of acid.
The glob of acid hits the orc!!
The acid corrodes the orc!
The acid splashes onto the orc warrior!
The orc warrior is splashed with acid.
The acid splashes onto the orc!
The orc is splashed with acid.
The acid corrodes the orc!
You kill the orc!
The orc warrior hits you with a +0 flail.
The orc hits you with a +0 club.
You hit the orc warrior but do no damage.
You headbutt the orc warrior, but do no damage.
The orc warrior is lightly wounded.
You block the orc warrior's attack. The orc barely misses you.
You barely miss the orc.
The orc is heavily wounded.
You block the orc warrior's attack. The orc hits you but does no damage.
You barely miss the orc.
The orc is heavily wounded.
The orc warrior hits you with a +0 flail!
* * * LOW HITPOINT WARNING * * *
You block the orc's attack.
The orc warrior hits you with a +0 flail!
You die...

.......#.(............#.#....##
....###..............##.#..###
...##......................#
....................###....#
.....#..............#
#..########
....................#
#..........
............[.......#
###########
................oo.##
########........@>##
############


You could see an orc warrior and an orc (corroded).

Vanquished Creatures
  2 black bears (D:6)
  A sky beast (D:4)
  2 centaurs
  An ogre (D:5)
  A phantom (D:4)
  3 kobold brigands (D:6)
  A bullfrog (D:6)
  A scorpion (D:4)
  A bullfrog zombie (D:6)
  3 hounds (D:6)
  4 jellies (D:6)
  3 orc priests
  4 orc wizards (D:4)
  3 iguanas
  6 gnolls
  3 adders
  A shadow imp (D:5)
  2 white imps (D:6)
  An ufetubus (D:5)
  7 worms
  12 orcs
  13 endoplasms
  6 giant cockroaches
  4 goblins
  7 hobgoblins
  4 jackals (D:3)
  8 kobolds
  4 quokkas
  8 ball pythons
  2 bats
  2 frilled lizards
  4 rats
124 creatures vanquished.

Vanquished Creatures (others)
  9 fungi (D:6)
  5 toadstools (D:6)
14 creatures vanquished.

Grand Total: 138 creatures vanquished

Notes
Turn   | Place    | Note
-------+----------+-------------------------------------------
     0 | D:1      | Lekart the Draconian Fighter began the quest for the Orb.
     0 | D:1      | Reached XP level 1. HP: 19/19 MP: 1/1
   444 | D:1      | Reached XP level 2. HP: 20/26 MP: 2/2
   698 | D:1      | Found a faded altar of an unknown god.
  1499 | D:2      | Found a shadowy altar of Dithmenos.
  1593 | D:2      | Reached XP level 3. HP: 24/33 MP: 3/3
  1984 | D:2      | Found Taemm's Magic Scroll Shop.
  1992 | D:2      | Reached XP level 4. HP: 34/40 MP: 4/4
  2326 | D:3      | Reached skill level 1 in Evocations
  2872 | D:3      | Reached XP level 5. HP: 41/47 MP: 5/5
  3213 | D:4      | Noticed a sky beast
  3229 | D:4      | Killed a sky beast
  3230 | D:4      | Reached XP level 6. HP: 22/55 MP: 6/6
  3287 | D:4      | Reached skill level 5 in Fighting
  4028 | D:4      | Found Ashimar's Distillery.
  4052 | D:4      | Bought a potion of mutation for 96 gold pieces
  4052 | D:4      | Gained mutation: Your magical capacity is low. (-10% MP)
                  | [potion of mutation]
  4052 | D:4      | Gained mutation: You are frail. (-10% HP) [potion of
                  | mutation]
  4052 | D:4      | Gained mutation: You have a beak for a mouth. [potion of
                  | mutation]
  4053 | D:4      | Lost mutation: You have a beak for a mouth. [potion of
                  | mutation]
  4053 | D:4      | Lost mutation: Your magical capacity is low. (-10% MP)
                  | [potion of mutation]
  4053 | D:4      | Lost mutation: You are frail. (-10% HP) [potion of
                  | mutation]
  4053 | D:4      | Gained mutation: You expend magic power (3 MP) to
                  | strengthen your wands. [potion of mutation]
  4053 | D:4      | Gained mutation: You have a pair of small horns on your
                  | head. [potion of mutation]
  4053 | D:4      | Gained mutation: You are clumsy. (Dex -2) [potion of
                  | mutation]
  4116 | D:4      | Reached skill level 5 in Long Blades
  4289 | D:4      | Learned a level 4 spell: Petrify
  4350 | D:4      | Your scales start taking on a golden yellow colour.
  4350 | D:4      | Reached XP level 7. HP: 12/61 MP: 7/7
  4350 | D:4      | Gained mutation: You are resistant to acid. (rCorr) [Yellow
                  | Draconian growth]
  4350 | D:4      | HP: 3/61 [orc (4)]
  4897 | D:4      | Found a shimmering blue altar of Sif Muna.
  5202 | D:5      | Entered Level 5 of the Dungeon
  5350 | D:5      | Found an iron altar of Okawaru.
  5392 | D:5      | Reached skill level 1 in Spellcasting
  5392 | D:5      | Reached skill level 1 in Transmutations
  5392 | D:5      | Reached skill level 1 in Earth Magic
  6270 | D:6      | Reached XP level 8. HP: 63/70 MP: 10/10
  6962 | D:6      | Noticed a slime creature
  6962 | D:6      | Noticed a slime creature
  7587 | D:6      | Slain by an orc warrior

Illustrated notes

Levels and vault maps discovered:
D:1:      minmay_arrival_four_loops, layout_basic,
          hellmonk_ecumenical_altar_inner_sanctum
D:2:      minmay_angry_zag, layout_basic, serial_shops,
          nicolae_shop_hallway_stairs, basic_altar
D:3:      layout_basic, hangedman_decor_riveting, skrybe_limestone_x
D:4:      layout_gridville, kennysheep_orc_sif_temple, portal_sewer_entry_f,
          serial_shops, nicolae_shop_statue_plus, minmay_misc_feat_doors
D:5:      layout_basic, okawaru_gym_becter, minmay_misc_feat_enclosed
D:6:      cheibrodos_fertilizer, layout_rooms, patterned_corridor
D:7:      layout_rooms, mainiacjoe_overflow_boulevard,
          minmay_temple_entry_stoned_glass, st_stairs_1,
          kennysheep_generic_room_12

Skill      XL: |  1  2  3  4  5  6  7  8 |
---------------+-------------------------+-----
Dodging        | 3 4 |  4.6
Fighting       | 4 5 6 |  6.9
Evocations     | 1 |  1.0
Long Blades    | 3 4 5 6 |  6.5
Spellcasting   | 1 2 |  2.3
Transmutations | 1 2 |  2.8
Earth Magic    | 1 2 |  2.6
Shields        | |  3.9

Action                   |  1- 3 |  4- 6 |  7- 9 || total
-------------------------+-------+-------+-------++-------
Melee: Long sword        |   102 |   178 |   161 ||   441
       Tailslap          |     8 |    22 |    16 ||    46
       Headbutt          |       |     3 |    30 ||    33
 Abil: Breathe Acid      |       |       |     5 ||     5
Evoke: Wand              |    12 |       |       ||    12
  Use: Scroll            |       |     7 |     1 ||     8
       Potion            |       |     5 |       ||     5
 Stab: Sleeping          |     1 |     1 |       ||     2
Armor: Skin              |    24 |    71 |    71 ||   166
Dodge: Dodged            |    62 |   126 |   101 ||   289
Block: Buckler           |    18 |    50 |    40 ||   108

Table legend: (Time is in decaauts)
 A = Elapsed time spent in this place.
 B = Non-inter-level travel time spent in this place.
 C = Inter-level travel time spent in this place.
 D = Time resting spent in this place.
 E = Time spent auto-exploring this place.
 F = Levels seen in this place.
 G = Mean time per level.
                   A        B        C        D        E       F      G
               +--------+--------+--------+--------+--------+-----+--------+
         Total |   7726 |   7439 |    287 |    670 |   5543 |   7 | 1103.7 |
       Dungeon |   7726 |   7439 |    287 |    670 |   5543 |   7 | 1103.7 |
               +--------+--------+--------+--------+--------+-----+--------+

Top non-repeatable levels by time:
     D:4: 1918 daAuts
     D:6: 1567 daAuts
     D:1: 1478 daAuts
     D:3: 1135 daAuts
     D:5: 825 daAuts
     D:2: 786 daAuts
     D:7: 15 daAuts
